 Dungeon Crawl Stone Soup version 0.24-a0-10-gb84795d (console) character file.

Game seed: 9464815307681806227

18 Duffy the Skirmisher (level 2, 7/30 HPs)
             Began as a Naga Wanderer on Jan 31, 2019.
             Was a Follower of Wu Jian.
             Quit the game on level 2 of the Dungeon.
             The game lasted 00:00:53 (1000 turns).

Duffy the Skirmisher (Naga Wanderer)                Turns: 1000, Time: 00:00:54

Health: 7/30       AC:  6    Str: 15    XL:     2   Next: 66%
Magic:  2/2        EV:  7    Int: 15    God:    Wu Jian [*.....]
Gold:   21         SH:  0    Dex: 10    Spells: 1/1 levels left

rFire    . . .     SeeInvis +   e - +0 whip
rCold    . . .     Gourm    .   (no shield)
rNeg     . . .     Faith    .   a - +2 scale mail
rPois    +         Spirit   .   (no helmet)
rElec    .         Reflect  .   (no cloak)
rCorr    .         Harm     .   (no gloves)
MR       .....                  (no barding)
Stlth    ..........             (no amulet)
HPRegen  0.10/turn              g - +4 ring of intelligence
MPRegen  0.08/turn              (no ring)

@: very slow
A: large, see invisible, deformed body, poison resistance, slowness 2, slow
metabolism 1, spit poison 1, AC +0
a: Spit Poison, Renounce Religion


You were on level 2 of the Dungeon.
You worshipped Wu Jian.
Wu Jian was aware of your devotion.
You were not hungry.

You visited 1 branch of the dungeon, and saw 2 of its levels.

You collected 21 gold pieces.

Inventory:

Hand Weapons
 d - a +0 club
 e - a +0 whip (weapon)
Armour
 a - a +2 scale mail (worn)
Jewellery
 g - a +4 ring of intelligence (left hand)
Scrolls
 b - 2 scrolls of teleportation
Potions
 c - a potion of lignification
Comestibles
 f - 3 rations


   Skills:
 + Level 3.9 Fighting
 - Level 1.0 Maces & Flails
 - Level 1.7 Throwing
 - Level 1.5 Armour
 - Level 1.0 Dodging
 - Level 1.0 Unarmed Combat


You had one spell level left.
You didn't know any spells.
Your spell library was empty.

Dungeon Overview and Level Annotations

Branches:
Dungeon (2/15)

Altars:
Wu Jian


Innate Abilities, Weirdness & Mutations

You cannot wear boots.
Your serpentine skin is tough. (AC +0)
You have supernaturally acute eyesight. (SInv)
Armour fits poorly on your strangely shaped body.
Your system is resistant to poisons. (rPois)
You cover ground very slowly.
You have a slow metabolism.
You can spit poison.


Message History

The dart slug barely misses you. The adder barely misses you.
Your scale mail prevents you from hitting the dart slug.
The adder barely misses you. The dart slug launches a dart at you.
The slug dart hits you.
You hit the dart slug.
The dart slug is heavily wounded.
The adder bites you but does no damage.
The dart slug bites you but does no damage.
You hit the dart slug.
The dart slug is almost dead.
The adder bites you but does no damage. The adder closely misses you.
You hit the dart slug.
You kill the dart slug!
The Council accepts your kill. The adder barely misses you.
You spin and attack the adder.
You closely miss the adder.
The adder bites you but does no damage. x2
The adder bites you but does no damage. The adder bites you.
Are you sure you want to abandon this character and quit the game? (Confirm with "yes".)

#...#.#####.......<.
####..............#..#.
#........#####..###..#.
#.#####..#####..###....
######.#####...>..........#.
...........##.#######.######.
#######.##.##.# ##.## ##
#...S...# #...# # ###..@###
#...# #.....# #...#
#.......######...#####
#.........#...........##
..#......................
..##.....###...........##
##...## #####...#..... #..##
#..(#...8. #.. #...#..8.8


You could see an adder.

Vanquished Creatures
  An adder (D:2)
  A dart slug (D:2)
  A bat (D:1)
  2 hobgoblins
  A ball python (D:2)
  A kobold (D:1)
  A rat (D:1)
8 creatures vanquished.

Notes
Turn   | Place    | Note
-------+----------+-------------------------------------------
     0 | D:1      | Duffy the Naga Wanderer began the quest for the Orb.
     0 | D:1      | Duffy set off with the following items: a +2 scale mail, a
                  | scroll of teleportation, a potion of lignification, a +0
                  | club, a ration
     0 | D:1      | Reached XP level 1. HP: 21/21 MP: 1/1
   556 | D:2      | Found a faded altar of an unknown god.
   597 | D:2      | Became a worshipper of the Wu Jian Council
   597 | D:2      | Reached * piety under Wu Jian
   707 | D:2      | Reached XP level 2. HP: 3/30 MP: 2/2
  1000 | D:2      | Quit the game

Vault maps used:
D:1:      giann_wishing_wells, st_stairs_1, fountainhead
D:2:      first_ration, chequers_ecumenical_altar_simple_redux, minivault_19,
          grunt_nemelex_the_gamble

Action                   || total
-------------------------++-------
Melee: Whip              ||    43
       Club              ||    24
Invok: Lunge             ||     1
       Whirlwind         ||     2
 Abil: Spit Poison       ||     3
Armor: Scale mail        ||    42
Dodge: Dodged            ||    30

Table legend:
 A = Non-vault XP
 B = Vault XP
 C = Vault XP percentage of total XP
 D = Non-vault monster count
 E = Vault monster count
 F = Vault count percentage of total count
                 A         B        C        D         E       F
            +---------+---------+-------+---------+---------+-------
      Total |      26 |       0 |   0.0 |       8 |       0 |   0.0
            +---------+---------+-------+---------+---------+-------
        D:1 |       6 |       0 |   0.0 |       4 |       0 |   0.0
        D:2 |      20 |       0 |   0.0 |       4 |       0 |   0.0
            +---------+---------+-------+---------+---------+-------
